 Dungeon Crawl Stone Soup version 0.29.1-12-g30fa7ad0bf (webtiles) character file.

Game seed: 2087801531948868566

53 mortz the Ducker (level 3, -2/19 HPs)
             Began as a Spriggan Abyssal Knight on Dec 30, 2022.
             Was a Believer of Lugonu.
             Slain by Natasha (6 damage)
             ... on level 2 of the Dungeon.
             The game lasted 00:06:44 (1529 turns).

mortz the Ducker (Spriggan Abyssal Knight)          Turns: 1529, Time: 00:06:46

Health: -2/19      AC:  2    Str:  9    XL:     3   Next: 64%
Magic:  5/5        EV: 18    Int: 11    God:    Lugonu [**....]
Gold:   42         SH:  0    Dex: 17    Spells: 2/2 levels left

rFire   . . .      SeeInvis +   a - +1 short sword
rCold   . . .      Faith    .   (no shield)
rNeg    + . .      Spirit   .   g - +0 robe
rPois   +          Reflect  .   (helmet restricted)
rElec   .          Harm     .   (no cloak)
rCorr   .          Rampage  .   (gloves unavailable)
Will    +....                   (boots unavailable)
Stlth   ++........              (no amulet)
HPRegen 0.06/turn               l - ring "Vig Qynk" {rPois rN+}
MPRegen 0.09/turn               m - ring of willpower

@: very quick
A: very small, no large weapons, unfitting armour, see invisible, speed 3
a: Renounce Religion, Depart the Abyss, Bend Space


You were on level 2 of the Dungeon.
You worshipped Lugonu.
Lugonu was pleased with you.
You visited 1 branch of the dungeon, and saw 2 of its levels.
You visited the Abyss 1 time.

You collected 42 gold pieces.

Inventory:

Hand Weapons
 a - a +1 short sword (weapon)
 b - a +0 sling
 e - a +0 short sword
 o - a +0 dagger
Armour
 g - a +0 robe (worn)
Jewellery
 l - the ring "Vig Qynk" (left hand) {rPois rN+}
   (You found it on level 2 of the Dungeon)

   [ring of positive energy]

   rPois:     It protects you from poison.
   rN:        It protects you from negative energy.
 m - a ring of willpower (right hand)
Scrolls
 f - a scroll of vulnerability {unknown}
 i - a scroll of enchant armour {unknown}
 k - 2 scrolls of poison {unknown}
Potions
 c - 2 potions of flight {unknown}
 d - a potion of degeneration {unknown}
 h - a potion of ambrosia {unknown}
 j - a potion of curing {unknown}
 n - a potion of might {unknown}
 p - a potion of heal wounds {unknown}


   Skills:
 + Level 2.8 Fighting
 + Level 2.9 Short Blades
 + Level 1.4 Ranged Weapons
 - Level 3.2 Dodging
 + Level 2.4 Invocations


You had 2 spell levels left.
You didn't know any spells.
Your spell library contained the following spells:

 Spells                   Type           Power      Damage    Failure   Level
 Call Canine Familiar     Summ           0%         N/A       71%         3
 Portal Projectile        Hex/Tloc       0%         N/A       71%         3
 Leda's Liquefaction      Hex/Erth       0%         N/A       98%         4


Dungeon Overview and Level Annotations

Branches:
Dungeon (2/15) Zot: 10851

Altars:

Annotations:
D:2 Natasha, Sigmund


Innate Abilities, Weirdness & Mutations

You are very small and have problems with some larger weapons.
You are too small for most types of armour.
You have supernaturally acute eyesight. (SInv)
You cover ground extremely quickly. (Speed+++)


Message History

Natasha casts a spell at you. The magic dart hits you.
You hit Natasha.
You kill Natasha!
Lugonu accepts your kill.
Natasha yowls pathetically as she dies!
The shadow imp disappears in a puff of smoke! x2
Things that are here:
the felid corpse of Natasha; an adder corpse You start resting.
A hobgoblin is nearby!
b - a +0 sling (weapon)
k - 2 scrolls labelled QIB ESYTSETA (gained 1)
Found 4 gold pieces.
You start resting.
HP restored.
Natasha, Servant of Life and Death comes into view.
The hobgoblin shouts!
You shoot a sling bullet. The sling bullet misses Natasha.
You shoot a sling bullet. The sling bullet hits Natasha.
Natasha is lightly wounded.
a - a +1 short sword (weapon)
Natasha mumbles some strange words.
You hit Natasha but do no damage.
Natasha is lightly wounded.
Natasha barely misses you. The white imp hits you. The white imp freezes you.
You hit Natasha.
Natasha is lightly wounded.
Natasha barely misses you. The white imp gestures at you.
The puff of frost misses you.
You hit Natasha but do no damage.
Natasha is lightly wounded.
You hit Natasha but do no damage.
Natasha is lightly wounded.
The white imp gestures at you. The puff of frost hits you!
* * * LOW HITPOINT WARNING * * *
Natasha claws you.
You die...

....... ..###.## #. ..#..
.....#. # #.#
#...#...##...## #.#
#.....#)....>.#
#.###..##.#.#.....#
#.##....#...##.#..<
#.##.##....###.###.
##.#h.##.>..##..##..
#.5@g##!.........#g.
#####..###.............#
..............h#.....g###
#................†g....#
######..#......#.......##
#....######.........
#....## #......##. ..$.##
#......##. #####
.....####.


You could see Natasha, a white imp (summoned) and a hobgoblin.

Vanquished Creatures
  Natasha (D:2)
  2 adders (D:2)
  2 bats (D:1)
  2 endoplasms
  A giant cockroach (D:1)
  A goblin (D:2)
  A kobold (D:1)
  A frilled lizard (D:2)
  2 rats (D:2)
13 creatures vanquished.

Notes
Turn   | Place    | Note
-------+----------+-------------------------------------------
     0 | Abyss:1  | mortz the Spriggan Abyssal Knight began the quest for the
                  | Orb.
     0 | Abyss:1  | Reached XP level 1. HP: 11/11 MP: 3/3
     1 | D:1      | Escaped the Abyss
   895 | D:2      | Reached XP level 2. HP: 11/16 MP: 4/4
   901 | D:2      | Identified the ring "Vig Qynk" {rPois rN+}
   994 | D:2      | Noticed Sigmund
  1327 | D:2      | Reached skill level 1 in Ranged Weapons
  1327 | D:2      | Reached XP level 3. HP: 18/19 MP: 5/5
  1333 | D:2      | Noticed Natasha
  1346 | D:2      | Killed Natasha
  1516 | D:2      | Noticed Natasha
  1529 | D:2      | Slain by Natasha

Illustrated notes

Levels and vault maps discovered:
D:1:      minmay_arrival_loop, layout_basic, feat_on_display
D:2:      layout_rooms, uniq_natasha, uniq_sigmund

Skill      XL: |  1  2 |
---------------+-------+-----
Invocations    | 2 |  2.4
Ranged Weapons | 1 |  1.4
Fighting       | |  2.8
Short Blades   | |  2.9
Dodging        | |  3.2

Action                   || total
-------------------------++-------
Melee: Short sword       ||    29
       Punch             ||     1
 Fire: Sling             ||    33
Dodge: Dodged            ||    24
